 Dungeon Crawl Stone Soup version 0.20.1-1-g8b1a95d (webtiles) character file.

112 Arsonius the Stinger (level 4, -1/21 HPs)
             Began as a Spriggan Venom Mage on Sept 20, 2017.
             Was an Initiate of Elyvilon.
             Slain by a hound (4 damage)
             ... on level 3 of the Dungeon.
             The game lasted 00:28:59 (2707 turns).

Arsonius the Stinger (Spriggan Venom Mage)          Turns: 2707, Time: 00:29:00

Health: -1/21      AC:  2    Str:  4    XL:     4   Next: 63%
Magic:  4/11       EV: 19    Int: 17    God:    Elyvilon [......]
Gold:   191        SH:  0    Dex: 16    Spells: 1/11 levels left

rFire    . . .     SeeInvis +   j - +0 dagger
rCold    . . .     Gourm    .   (shield restricted)
rNeg     . . .     Faith    .   q - +0 robe
rPois    .         Spirit   .   (helmet restricted)
rElec    .         Reflect  .   (no cloak)
rCorr    .         Harm     .   (gloves unavailable)
MR       .....                  (boots unavailable)
Stlth    ++........             (no amulet)
Regen    0.1/turn               d - ring of flight
MPRegen  0.2/turn               (no ring)

@: very quick
A: unfitting armour, see invisible, herbivore 3, speed 3, slow metabolism 2
a: Renounce Religion, Evoke Flight


You were on level 3 of the Dungeon.
You worshipped Elyvilon.
Elyvilon was noncommittal.
You were not hungry.

You visited 1 branch of the dungeon, and saw 3 of its levels.

You collected 191 gold pieces.

Inventory:

Hand Weapons
 j - a +0 dagger (weapon)
 w - a +0 short sword
 y - a +0 hunting sling
Missiles
 e - 45 bolts
 f - 95 stones
 i - 63 arrows
 l - 41 poisoned needles
 o - 8 sling bullets
 x - 4 tomahawks (quivered)
Armour
 q - a +0 robe (worn)
Jewellery
 d - a ring of flight (left hand)
Scrolls
 g - 2 scrolls of immolation {unknown}
 m - a scroll of fear {unknown}
 p - 2 scrolls of identify {unknown}
 s - 3 scrolls of remove curse {unknown}
 t - a scroll of amnesia {unknown}
Potions
 a - a potion of brilliance {unknown}
 k - 2 potions of curing {unknown}
 r - a potion of invisibility {unknown}
 u - 2 potions of haste {unknown}
 z - a potion of agility {unknown}
Books
 b - a Young Poisoner's Handbook

   Spells                             Type                      Level
   a - Sting                          Conjuration/Poison           1
   b - Poisonous Vapours              Poison/Air                   2
   c - Mephitic Cloud                 Conjuration/Poison/Air       3
   d - Olgreb's Toxic Radiance        Poison                       4
   e - Venom Bolt                     Conjuration/Poison           5
Comestibles
 c - a bread ration
 h - 2 royal jellies
 n - 7 fruits


   Skills:
 + Level 3.4 Dodging
 + Level 3.3 Stealth
 + Level 4.0 Spellcasting
 + Level 1.4 Conjurations
 + Level 0.3 Air Magic
 + Level 4.0 Poison Magic


You had one spell level left.
You knew the following spells:

 Your Spells              Type           Power        Failure   Level  Hunger
a - Sting                 Conj/Pois      ##..         4%          1    None
b - Poisonous Vapours     Pois/Air       ##....       10%         2    ##.....
c - Mephitic Cloud        Conj/Pois/Air  ##......     22%         3    ###....
d - Olgreb's Toxic Radia  Pois           ###.....     30%         4    ####...


Dungeon Overview and Level Annotations

Branches:
Dungeon (3/15)

Altars:
Dithmenos
Elyvilon
Ru


Innate Abilities, Weirdness & Mutations

You are very small and have problems with some larger weapons.
You are too small for most types of armour.
You have supernaturally acute eyesight. (SInv)
You are a herbivore.
You cover ground extremely quickly.
You need consume almost no food.


Message History

The hound looks more healthy.
The hound closely misses you.
Casting: Poisonous Vapours
Confirm with . or Enter, or press ? or * to list all spells.
Aiming: Sting
Press: ? - help, Shift-Dir - straight line, f/p - hound
Aim: a hound (almost dead)
The sting hits the hound.
The hound is poisoned.
The hound is almost dead.
The bat appears out of thin air!
The hound closely misses you.
Casting: Sting
Confirm with . or Enter, or press ? or * to list all spells.
Aiming: Sting
Press: ? - help, Shift-Dir - straight line, f/p - hound
Aim: a hound (almost dead, poisoned)
The sting misses the hound.
The hound misses you. The bat closely misses you.
The orc priest invokes the aid of Beogh against you.
Beogh smites you!
* * * LOW HITPOINT WARNING * * *
The hound bites you.
You die...

#####...)#..? #
............. .#
..............
####.#
...........###+#....
.......###........#
.......# #........#
....)..+ +........##
.......###.........#
................@b.#
###+##..#########h.#
##.# #..# ..# #..#
#..# #..# #..^
._...^..# #..#
..(..#..# #..#
.....#.o# ##.# ...?
#..#


You could see a hound, an orc priest and a bat.

Vanquished Creatures
  4 adders
  A worm (D:2)
  4 dart slugs
  5 leopard geckos
  2 giant cockroaches (D:2)
  5 goblins
  10 hobgoblins
  7 jackals
  3 kobolds
  10 bats
  7 rats
58 creatures vanquished.

Notes
Turn   | Place    | Note
-------+----------+-------------------------------------------
     0 | D:1      | Arsonius the Spriggan Venom Mage began the quest for the Orb.
     0 | D:1      | Reached XP level 1. HP: 9/9 MP: 5/5
   321 | D:1      | Reached XP level 2. HP: 13/13 MP: 3/6
   325 | D:1      | Learned a level 2 spell: Poisonous Vapours
   855 | D:1      | Reached skill level 1 in Conjurations
  1001 | D:1      | Reached XP level 3. HP: 15/16 MP: 5/8
  1035 | D:1      | Learned a level 3 spell: Mephitic Cloud
  1456 | D:2      | Reached XP level 4. HP: 21/21 MP: 7/10
  1462 | D:2      | Learned a level 4 spell: Olgreb's Toxic Radiance
  2575 | D:3      | Found a shadowy altar of Dithmenos.
  2575 | D:3      | Found a white marble altar of Elyvilon.
  2591 | D:3      | Became a worshipper of Elyvilon the Healer
  2701 | D:3      | Found a sacrificial altar of Ru.
  2707 | D:3      | Slain by a hound

Skill      XL: |  1  2  3  4 |
---------------+-------------+-----
Spellcasting   | 3 4 |  4.0
Conjurations   | 1 |  1.4
Poison Magic   | 4 |  4.0
Dodging        | |  3.4
Stealth        | |  3.3
Air Magic      | |  0.3

Action                   |  1- 3 |  4- 6 || total
-------------------------+-------+-------++-------
Melee: Dagger            |       |     1 ||     1
 Cast: Sting             |    65 |    35 ||   100
       Poisonous Vapours |     9 |    20 ||    29
  Use: Potion            |       |     1 ||     1
Armor: Robe              |     3 |     3 ||     6
Dodge: Dodged            |    25 |    25 ||    50
